 Dungeon Crawl Stone Soup version 0.29-a0-352-g0917bc69df (webtiles) character file.

Game seed: 10243257119757541760

303 sokol815 the Firebug (level 6, -20/36 HPs)
             Began as an Octopode Fire Elementalist on Apr 23, 2022.
             Demolished by an ogre
             ... wielding a +0 giant spiked club
              (25 damage)
             ... on level 4 of the Dungeon.
             The game lasted 00:12:50 (4081 turns).

sokol815 the Firebug (Octopode Fire Elementalist)   Turns: 4081, Time: 00:12:51

Health: -20/36     AC:  1    Str:  7    XL:     6   Next: 38%
Magic:  6/9        EV: 13    Int: 19    God:
Gold:   209        SH:  0    Dex: 13    Spells: 8/9 levels left

rFire   . . .      SeeInvis .   a - +2 dagger (venom)
rCold   . . .      Faith    .   (no shield)
rNeg    . . .      Spirit   .   (helmet restricted)
rPois   .          Reflect  .   (no amulet)
rElec   .          Harm     .   (no ring)
rCorr   .          Rampage  .   (no ring)
Will    .....                   (no ring)
Stlth   +++.......              (no ring)
HPRegen 0.12/turn               (no ring)
MPRegen 0.11/turn               (no ring)
                                (no ring)
                                (no ring)

@: no status effects
A: almost no armour, amphibious, 8 rings, camouflage 1, gelatinous body 1,
(nimble swimmer 1), tentacles
a: no special abilities


You were on level 4 of the Dungeon.
You visited 1 branch of the dungeon, and saw 4 of its levels.

You collected 209 gold pieces.

Inventory:

Hand Weapons
 a - a +2 dagger of venom (weapon)
   (You found it on level 1 of the Dungeon)
 c - a +0 hand axe
   (You took it off a goblin on level 1 of the Dungeon)
 f - a +1 dagger of flaming
   (You took it off a goblin on level 1 of the Dungeon)
 g - a +0 trident
   (You took it off an orc on level 2 of the Dungeon)
 l - a +0 hand crossbow
   (You took it off a kobold on level 4 of the Dungeon)
Missiles
 e - 5 poisoned darts
 j - 10 atropa-tipped darts
 s - 127 stones
Wands
 d - a wand of digging (3)
   (You found it on level 2 of the Dungeon)
Scrolls
 D - a scroll of blinking {!r}
 Y - a scroll of teleportation {@r3}
Potions
 b - 3 potions of attraction {!q}
 h - a potion of heal wounds {unknown}
 i - a potion of flight {unknown}
 k - a potion of haste {unknown}
 m - a potion of might {unknown}
 J - 4 potions of curing {@q1}
 M - 2 potions of magic


   Skills:
 - Level 2.0 Dodging
 - Level 2.6 Stealth
 - Level 2.0 Spellcasting
 + Level 4.4 Conjurations
 + Level 5.3 Fire Magic


You had 8 spell levels left.
You knew the following spells:

 Your Spells              Type           Power      Damage    Failure   Level
a - Foxfire               Conj/Fire      80%        2x1d8     2%          1

Your spell library contained the following spells:

 Spells                   Type           Power      Damage    Failure   Level
 Scorch                   Fire           44%        2d7       2%          2
 Conjure Flame            Conj/Fire      20%        6-21      7%          3
 Inner Flame              Hex/Fire       12%        N/A       17%         3
 Flame Wave               Conj/Fire      20%        2d7       22%         4
 Ensorcelled Hibernation  Hex/Ice        2%         N/A       26%         2
 Spider Form              Tmut/Pois      1%         N/A       45%         3
 Anguish                  Hex/Necr       0%         N/A       86%         4


Dungeon Overview and Level Annotations

Branches:
Dungeon (4/15)
 Temple: D:4-7

Altars:

Shops:
D:4 *


Innate Abilities, Weirdness & Mutations

You cannot wear most types of armour.
You are amphibious.
You can wear up to eight rings at the same time.
Your skin changes colour to match your surroundings (Stealth+).
Your rubbery body absorbs attacks. (AC +1, EV +1)
((You are camouflaged when in or above water. (Stealth+)))
You have tentacles for arms and can constrict up to eight enemies at once.


Message History

You start resting.
Health restored: 36; MP restored: 9
Things that are here:
a +0 dagger; a +0 robe The adder hisses angrily.
Things that are here:
a +0 dagger; a +0 robe You conjure some foxfire!
You now have 8/9 mp.
You conjure some foxfire!
You now have 7/9 mp.
You conjure some foxfire!
The foxfire hits the adder. x3
You kill the adder!
You now have 6/9 mp.
Things that are here:
a +0 spear; a +0 robe You start resting.
MP restored: 9
Things that are here:
a +0 dagger; a +0 robe
s - 109 stones (gained 14)
Things that are here:
a +0 falchion; an orc corpse
Things that are here:
a +0 dagger; a +0 robe An orc comes into view.
It is wielding a +0 dagger.
You miscast Foxfire.
You are very lightly contaminated with residual magic.
Nothing appears to happen.
The orc shouts!
You now have 8/9 mp.
You conjure some foxfire!
The orc closely misses you.
You now have 7/9 mp.
You conjure some foxfire!
The foxfire hits the orc. x2
You kill the orc!
You now have 6/9 mp.
s - 127 stones (gained 18)
Things that are here:
a +0 dagger; an orc corpse You start resting.
A worm comes into view.
You conjure some foxfire!
A hobgoblin comes into view. It is wielding a +0 dagger.
Your magical contamination has completely faded away.
You now have 5/9 mp.
You conjure some foxfire!
The foxfire hits the worm. x2
You now have 4/9 mp.
You conjure some foxfire!
The foxfire hits the worm. x2
You miscast Foxfire.
You are very lightly contaminated with residual magic.
Nothing appears to happen.
The foxfire hits the worm.
You kill the worm!
You now have 3/9 mp.
You conjure some foxfire!
The foxfire hits the orc.
You now have 2/9 mp.
You conjure some foxfire!
The foxfire hits the hobgoblin.
You kill the hobgoblin!
The foxfire hits the orc.
You kill the orc!
You now have 1/9 mp.
An ogre comes into view. It is wielding a +0 giant spiked club.
Your magical contamination has completely faded away.
Items here: )) ††.
There is a stone staircase leading up here.
You see here a +0 whip.
You climb upwards.
There is a stone staircase leading down here.
There is a stone staircase leading down here.
You start resting.
MP restored: 9 You climb downwards.
The ogre shouts!
There is a stone staircase leading up here.
You see here a +0 whip.
You climb upwards.
There is a stone staircase leading down here.
There is a stone staircase leading down here.
You climb downwards.
There is a stone staircase leading up here.
Things that are here:
a +0 chain mail; a +0 club You see here a +0 flail.
The ogre shouts!
You conjure some foxfire!
You now have 8/9 mp.
You conjure some foxfire!
The foxfire hits the ogre.
You now have 7/9 mp.
You conjure some foxfire!
The foxfire hits the ogre. x4
You now have 6/9 mp.
You barely miss the ogre. You hit the ogre. You squeeze the ogre.
The ogre hits you with a +0 giant spiked club!!
Ouch! That really hurt!
* * * LOW HITPOINT WARNING * * *
You take 31 damage, and have 5/36 hp.
MASSIVE DAMAGE!!
You hit the ogre.
The ogre is poisoned.
The ogre hits you with a +0 giant spiked club!!
Ouch! That really hurt!
You die...

..........#
#.##.≈...≈..##..).†.
###..).####
#.##≈..∩..≈.##8..)..
#......##
#.##.≈...≈..........
#.####..##
#.##..≈.≈..####..... ##)#
##..###.#....≈...........#
##..#
###.....[....###########.#
...#####...)..#..#### #..#
......O<.####..#.#### #.##
......#### ##.O@...# #.#
####....# ###.##.## #.#
####.# #.##..# ##.# #.####
#.###.# #..# #....#
#..##.########.## #....#
##.##.......##.### #....#
#..#######.#....#
##...#### ##.# #......#
#.)....####.# ###....#


You could see an ogre (poisoned).

Vanquished Creatures
  A bullfrog (D:4)
  2 orc priests
  2 orc wizards (D:4)
  2 gnolls (D:4)
  3 adders
  2 worms
  A dart slug (D:3)
  11 orcs
  11 endoplasms
  A giant cockroach (D:1)
  12 goblins
  8 hobgoblins
  3 kobolds
  4 ball pythons
  A bat (D:2)
  3 frilled lizards
  4 rats
  A bush (D:1)
72 creatures vanquished.

Vanquished Creatures (collateral kills)
  2 foxfires (D:1)
2 creatures vanquished.

Vanquished Creatures (others)
  241 foxfires
  A plant (D:1)
242 creatures vanquished.

Grand Total: 316 creatures vanquished

Notes
Turn   | Place    | Note
-------+----------+-------------------------------------------
     0 | D:1      | sokol815 the Octopode Fire Elementalist began the quest for
                  | the Orb.
     0 | D:1      | Reached XP level 1. HP: 11/11 MP: 3/3
   129 | D:1      | Reached XP level 2. HP: 17/17 MP: 0/5
  1127 | D:2      | Reached skill level 2 in Conjurations
  1187 | D:2      | Reached XP level 3. HP: 17/21 MP: 2/6
  2125 | D:2      | HP: 3/21 [orc priest/nerve-wracking pain (4)]
  2127 | D:2      | Reached skill level 4 in Fire Magic
  2127 | D:2      | Reached XP level 4. HP: 3/27 MP: 1/7
  2417 | D:2      | Found a faded altar of an unknown god.
  2417 | D:2      | Noticed an ice devil
  2496 | D:3      | Reached skill level 3 in Conjurations
  3132 | D:4      | Noticed a bullfrog
  3145 | D:4      | Killed a bullfrog
  3146 | D:4      | Reached XP level 5. HP: 31/31 MP: 2/8
  3149 | D:4      | Noticed an ogre
  3442 | D:4      | Reached skill level 4 in Conjurations
  3488 | D:4      | Reached skill level 5 in Fire Magic
  3496 | D:4      | Reached XP level 6. HP: 36/36 MP: 0/9
  3629 | D:4      | Found Zacsoveo's General Store.
  4080 | D:4      | HP: 5/36 [ogre/+0 giant spiked club (31)]
  4081 | D:4      | Demolished by an ogre

Illustrated notes

Levels and vault maps discovered:
D:1:      lightli_arrival_maybe_door_vault, layout_rooms, serial_forest,
          infiniplex_forest_zigzag_1, infiniplex_forest_lined_1,
          infiniplex_forest_split, infiniplex_forest_clump_long,
          infiniplex_forest_clump_curved, infiniplex_forest_end_2,
          infiniplex_forest_straight_5, infiniplex_forest_lined_3_way,
          infiniplex_forest_diagonal, infiniplex_forest_straight_2
D:2:      layout_rooms, dreamdust_ecumenical_altar_sealed_demon,
          nrook_mini_backslash
D:3:      layout_rooms, nicolae_overflow_hidden_temple, chequers_garden
D:4:      kennysheep_the_goblin_king, layout_rooms, tgw_fedhas, serial_shops,
          nicolae_diamond_shop, minmay_manual_macuahuitl

Skill      XL: |  1  2  3  4  5 |
---------------+----------------+-----
Conjurations   | 2 3 4 |  4.4
Fire Magic     | 4 5 |  5.3
Dodging        | |  2.0
Stealth        | |  2.6
Spellcasting   | |  2.0

Action                   |  1- 3 |  4- 6 || total
-------------------------+-------+-------++-------
Melee: Hand axe          |   113 |       ||   113
       Tentacles         |    43 |     4 ||    47
       Dagger            |     9 |    12 ||    21
       Punch             |     2 |       ||     2
       Constrict         |     1 |     2 ||     3
Throw: Stone             |       |     1 ||     1
 Cast: Foxfire           |    68 |    77 ||   145
  Use: Scroll            |     7 |     5 ||    12
 Stab: Sleeping          |       |     1 ||     1
Dodge: Dodged            |    14 |     6 ||    20

Table legend: (Time is in decaauts)
 A = Elapsed time spent in this place.
 B = Non-inter-level travel time spent in this place.
 C = Inter-level travel time spent in this place.
 D = Time resting spent in this place.
 E = Time spent auto-exploring this place.
 F = Levels seen in this place.
 G = Mean time per level.
                   A        B        C        D        E       F      G
               +--------+--------+--------+--------+--------+-----+--------+
         Total |   4121 |   3893 |    228 |   1216 |   1878 |   4 | 1030.2 |
       Dungeon |   4121 |   3893 |    228 |   1216 |   1878 |   4 | 1030.2 |
               +--------+--------+--------+--------+--------+-----+--------+

Top non-repeatable levels by time:
     D:1: 1482 daAuts
     D:2: 1046 daAuts
     D:3: 946 daAuts
     D:4: 647 daAuts

Table legend:
 A = Kills in this place as a percentage of kills in entire the game.
 B = Kills by you in this place as a percentage of kills by you in the entire game.
 C = Kills by friends in this place as a percentage of kills by friends in the entire game.
 D = Other kills in this place as a percentage of other kills in the entire game.
 E = Experience gained in this place as a percentage of experience gained in the entire game.
 F = Experience gained in this place divided by the number of levels of this place that you have seen.
                   A       B       C       D       E      F
               +-------+-------+-------+-------+-------+----------------------
         Total | 100.0 | 100.0 |   N/A |   N/A | 100.0 | 108.5
       Dungeon | 100.0 | 100.0 |   N/A |   N/A | 100.0 | 108.5
               +-------+-------+-------+-------+-------+----------------------
